[Event "Late-Titled-Tuesday-Blitz-October-17-2023"]
[Site "Chess.com"]
[Date "2023.10.17"]
[Round "6"]
[White "AlexPapasimakopoulos"]
[Black "Necromon"]
[Result "1-0"]
[WhiteElo "2691"]
[BlackElo "2501"]
[TimeControl "180+1"]
[EndTime "15:04:08 PDT"]
[Termination "AlexPapasimakopoulos won by resignation"]

1. d4 d5 2. c4 c6 3. cxd5 cxd5 4. Bf4 Nf6 5. Nc3 Nc6 6. e3 a6 7. Bd3 Bg4 8. Nge2 e6 9. f3 Bh5 10. O-O Bd6 11. Rc1 O-O 12. Na4 Na5 13. Nc5 Bxf4 14. Nxf4 Bg6 15. Nxg6 hxg6 16. b4 Nc6 17. Nxb7 Qb6 18.
Nc5 Nxb4 19. Rb1 Qa5 20. Qd2 Rab8 21. Nxa6 Rb6 22. Rxb4 Rxa6 23. Bxa6 Qxa6 24. a4 Rc8 25.
Ra1 g5 26. h3 Ne8 27. a5 Rc6 28. Rb8 Kf8 29. Qb4+ Rd6 30. Qa4 Rc6 31. Qb4+ Rd6 32.
Qb5 Qxb5 33. Rxb5 Nc7 34. Rb7 Rc6 35. Rb6 1-0

[Event "Late-Titled-Tuesday-Blitz-October-17-2023"]
[Site "Chess.com"]
[Date "2023.10.17"]
[Round "6"]
[White "gunslinger222"]
[Black "esskeettit"]
[Result "0-1"]
[WhiteElo "2346"]
[BlackElo "2500"]
[TimeControl "180+1"]
[EndTime "15:04:10 PDT"]
[Termination "esskeettit won by resignation"]

1. d4 d5 2. Nf3 Nf6 3. Bg5 e6 4. e3 h6 5. Bxf6 Qxf6 6. Bd3 Qd8 7. O-O c5 8. c3 Nc6 9. Nbd2 Be7 10. Qe2 Qc7 11.
e4 dxe4 12. Nxe4 b6 13. Bb5 Bb7 14. dxc5 bxc5 15. Qc4 O-O 16. Nxc5 Na5 17. Nxe6 Qxc4 18. Bxc4 Nxc4 19. Nxf8 Bxf8 20. b3 Bxf3 21. bxc4 Be2 22. Rfe1 Bxc4 23. Re4 Be6 24. a4 Rc8 25. Rc1 Ba3 26.
Rb1 Bf5 0-1

[Event "Late-Titled-Tuesday-Blitz-October-17-2023"]
[Site "Chess.com"]
[Date "2023.10.17"]
[Round "6"]
[White "cthulhuuu"]
[Black "campochess"]
[Result "1-0"]
[WhiteElo "2412"]
[BlackElo "2192"]
[TimeControl "180+1"]
[EndTime "15:04:15 PDT"]
[Termination "cthulhuuu won by resignation"]

1. e4 c5 2. Nf3 Nc6 3. g3 g6 4.
Bg2 Bg7 5. O-O d6 6. d3 Nf6 7.
Re1 Nd7 8. c3 O-O 9. d4 cxd4 10.
cxd4 e5 11. d5 Ne7 12. Nc3 a6 13. a4 Nf6 14. h3 Ne8 15. b4 Bd7 16. Ba3 Rc8 17.
Qd2 f5 18. Ng5 Nf6 19. b5 Rc4 20. Bxd6 fxe4 21. Bxe5 Rxc3 22. Bxc3 Nexd5 23. Bb2 Bf5 24. g4 Bc8 25. Rad1 Qe7 26. Nxe4 Qb4 27. Nxf6+ Bxf6 28. Bxd5+ 1-0

[Event "Late-Titled-Tuesday-Blitz-October-17-2023"]
[Site "Chess.com"]
[Date "2023.10.17"]
[Round "6"]
[White "BogdanDeac"]
[Black "TigrVShlyape"]
[Result "1/2-1/2"]
[WhiteElo "2980"]
[BlackElo "2824"]
[TimeControl "180+1"]
[EndTime "15:04:21 PDT"]
[Termination "Game drawn by agreement"]

1. e4 c5 2. Nf3 e6 3. d4 cxd4 4. Nxd4 a6 5. c4 Nf6 6. Nc3 Bb4 7. Qd3 d5 8. exd5 exd5 9. Be2 O-O 10. O-O Nc6 11.
Nxc6 bxc6 12. cxd5 Nxd5 13. Nxd5 cxd5 14. Rd1 Be6 15. Bf3 Qf6 16. Qd4 Qxd4 17. Rxd4 Be7 18. Be3 Bf6 19. Rd2 Rab8 20. Rad1 Rxb2 21. Bxd5 Rxd2 22.
Rxd2 Bxd5 23. Rxd5 Rd8 24. Rxd8+ Bxd8 25. Kf1 Kf8 26.
Ke2 Ke7 27. Kd3 Kd6 28. Ke4 g6 29. g4 Ke6 30. h3 1/2-1/2

[Event "Late-Titled-Tuesday-Blitz-October-17-2023"]
[Site "Chess.com"]
[Date "2023.10.17"]
[Round "6"]
[White "Fdpo95"]
[Black "gahryman"]
[Result "0-1"]
[WhiteElo "2495"]
[BlackElo "2673"]
[TimeControl "180+1"]
[EndTime "15:04:23 PDT"]
[Termination "gahryman won by resignation"]

1. e4 c5 2. Nf3 Nc6 3. d4 cxd4 4.
Nxd4 e5 5. Nb5 d6 6. c4 Be6 7.
Be2 Nf6 8. N1c3 a6 9. Na3 g6 10.
O-O Bg7 11. Be3 O-O 12. Qd2 Nd4 13. Bxd4 exd4 14. Qxd4 Nd5 15. Qd2 Nxc3 16. bxc3 Qa5 17. Nb1 Rac8 18. Qxd6 Rfd8 19. Qg3 Bxc4 20. Bxc4 Rxc4 21.
Re1 h5 22. Qf3 Be5 23. g3 b5 24. a3 Qc7 25. Ra2 Bxc3 26. Nxc3 Rxc3 27. Qf6 Rc6 28. Qg5 Rcd6 29. Rae2 Rd1 30. e5 Qc3 31. Kf1 Qf3 0-1

[Event "Late-Titled-Tuesday-Blitz-October-17-2023"]
[Site "Chess.com"]
[Date "2023.10.17"]
[Round "6"]
[White "Tomytoteph"]
[Black "Cristi_Coca"]
[Result "0-1"]
[WhiteElo "2563"]
[BlackElo "2382"]
[TimeControl "180+1"]
[EndTime "15:04:28 PDT"]
[Termination "Cristi_Coca won by checkmate"]

1. e4 c5 2. Nf3 e6 3. d4 cxd4 4. Nxd4 a6 5. Nc3 b5 6. Be3 Bb7 7. Bd3 Qc7 8. a3 Nf6 9. f3 d6 10. Qd2 Nbd7 11. g4 Ne5 12. O-O Be7 13. Rae1 Rc8 14.
Qg2 d5 15. g5 Nfd7 16. f4 dxe4 17. Bxe4 Bxe4 18. Nxe4 Nc4 19. Bc1 Nc5 20. f5 e5 21.
f6 gxf6 22. gxf6 Bf8 23. Nf5 Nxe4 24. Qxe4 Rg8+ 25. Kh1 Qc6 26. b3 Qxe4+ 27. Rxe4 Nd6 28. Rxe5+ Kd7 29. Rd1 Rxc2 30. Nxd6 Bxd6 31. Red5 Rxh2# 0-1

[Event "Late-Titled-Tuesday-Blitz-October-17-2023"]
[Site "Chess.com"]
[Date "2023.10.17"]
[Round "6"]
[White "Lion_DL"]
[Black "mfwagnerpeixoto"]
[Result "1-0"]
[WhiteElo "2455"]
[BlackElo "2328"]
[TimeControl "180+1"]
[EndTime "15:04:31 PDT"]
[Termination "Lion_DL won by resignation"]

1. f4 e5 2. e4 exf4 3. Bc4 Nf6 4. Nc3 Bb4 5. e5 d5 6. Bb5+ c6 7. exf6 cxb5 8. fxg7 Rg8 9. Nf3 Rxg7 10. O-O Be6 11. d4 Qf6 12. Nxb5 Na6 13. c3 Be7 14. Kh1 Kf8 15. Ne5 Qg5 16. Qf3 Qf5 17. Bxf4 Qe4 18. Qxe4 dxe4 19. Bh6 1-0

[Event "Late-Titled-Tuesday-Blitz-October-17-2023"]
[Site "Chess.com"]
[Date "2023.10.17"]
[Round "6"]
[White "Jarming"]
[Black "GlavkonVVS"]
[Result "1-0"]
[WhiteElo "2792"]
[BlackElo "2539"]
[TimeControl "180+1"]
[EndTime "15:04:34 PDT"]
[Termination "Jarming won by resignation"]

1. d4 Nf6 2. c4 e6 3. Nf3 c5 4. g3 cxd4 5. Nxd4 Nc6 6. Bg2 Bc5 7. Nb3 Bb4+ 8. Bd2 Be7 9. Nc3 O-O 10. O-O b6 11.
Bf4 Ba6 12. Nb5 d5 13. cxd5 Nxd5 14. Bxd5 Bxb5 15. Bf3 Qxd1 16. Rfxd1 Rad8 17. Rxd8 Rxd8 18. Rb1 g5 19. Be3 Ne5 20. Bh5 Bc4 21. Rc1 Bf6 22.
f4 gxf4 23. gxf4 Bxb3 24. fxe5 Bxe5 25. axb3 Bxb2 26. Rc7 Bd4 27. Kf2 Bxe3+ 28. Kxe3 Rd5 29. Bxf7+ Kf8 30. Ke4 Rd2 31. e3 Rxh2 32. Rxa7 Rh4+ 33. Ke5 Rh3 34. e4 Rxb3 35. Bxe6 Rf3 36. Rxh7 1-0

[Event "Late-Titled-Tuesday-Blitz-October-17-2023"]
[Site "Chess.com"]
[Date "2023.10.17"]
[Round "6"]
[White "PapaieDudu"]
[Black "Mikhail_Golubev"]
[Result "0-1"]
[WhiteElo "2370"]
[BlackElo "2560"]
[TimeControl "180+1"]
[EndTime "15:04:34 PDT"]
[Termination "Mikhail_Golubev won by checkmate"]

1. e4 c5 2. Nf3 d6 3. d4 Nf6 4.
Nc3 cxd4 5. Nxd4 Nc6 6. f3 e5 7. Nb3 Be7 8. Be3 O-O 9. g4 Be6 10. g5 Nh5 11. Qd2 a5 12. Nc1 Nd4 13. Bg2 b5 14. Nd3 Rc8 15. Nd5 Nxc2+ 16. Kf2 Bxd5 17.
exd5 Nxe3 18. Qxe3 Rc2+ 19. Kf1 Bxg5 20. Qe1 Qf6 21.
Nf2 Bh4 22. Ne4 Qe7 23. Qb1 Rfc8 24. Rg1 f5 25. Nc3 Rf2+ 26. Ke1 Rxb2+ 27. Kf1 Rxb1+ 28. Rxb1 Rxc3 29. Rxb5 Rc1+ 30. Ke2 Rxg1 31. Rb8+ Kf7 32. Bh3 Nf4+ 33. Kd2 Nxh3 34. Rb7 Qxb7 35. f4 Qb2+ 36. Kd3 Rd1+ 37. Kc4 Rd4# 0-1

[Event "Late-Titled-Tuesday-Blitz-October-17-2023"]
[Site "Chess.com"]
[Date "2023.10.17"]
[Round "6"]
[White "rikchessmx"]
[Black "familijatop71"]
[Result "1-0"]
[WhiteElo "2296"]
[BlackElo "2114"]
[TimeControl "180+1"]
[EndTime "15:04:36 PDT"]
[Termination "rikchessmx won on time"]

1. e4 c5 2. Nf3 d6 3. d4 cxd4 4. Nxd4 Nf6 5. Nc3 g6 6. f4 Bg7 7. e5 dxe5 8. fxe5 Ng4 9. Bb5+ Bd7 10. Qxg4 Bxe5 11. Qe4 Bg7 12. Bg5 h6 13. Bh4 g5 14. Bf2 O-O 15. O-O-O Qb6 16. Bxd7 Nxd7 17. Rhf1 Nc5 18. Qg4 Qa5 19. h4 f5 20. Qe2 e5 21.
Qc4+ Kh7 22. Nxf5 Rac8 23. Nxg7 Kxg7 24. Bxc5 Rxc5 25. Qa4 1-0

[Event "Late-Titled-Tuesday-Blitz-October-17-2023"]
[Site "Chess.com"]
[Date "2023.10.17"]
[Round "6"]
[White "Alexander_Donchenko"]
[Black "MKlose11"]
[Result "1/2-1/2"]
[WhiteElo "2874"]
[BlackElo "2649"]
[TimeControl "180+1"]
[EndTime "15:04:40 PDT"]
[Termination "Game drawn by repetition"]

1. Nf3 Nf6 2. g3 c5 3. Bg2 Nc6 4.
O-O d6 5. c4 Bd7 6. Nc3 g6 7. d4 cxd4 8. Nxd4 Bg7 9. Nc2 O-O 10.
b3 Qa5 11. Bd2 Qh5 12. e4 Bg4 13. f3 Bh3 14. g4 Qh4 15. Qe1 Qxe1 16. Rfxe1 Bxg2 17.
Kxg2 Rfe8 18. Rad1 a6 19. Nd5 Nxd5 20. exd5 Nd4 21.
Nxd4 Bxd4 22. Bg5 Bf6 23. Bxf6 exf6 24. Kf2 Kf8 25. a4 Re7 26. a5 Ke8 27. Rxe7+ Kxe7 28.
Ke3 Kd7 29. Rd4 Rb8 30. Kd3 Rh8 31. Rf4 Ke7 32. Re4+ Kd7 33. Rf4 Ke7 34. b4 h5 35.
h3 hxg4 36. hxg4 Rh1 37. c5 Rd1+ 38. Kc4 Rc1+ 39. Kd4 Rd1+ 40. Kc4 Rc1+ 41. Kd4 Rd1+ 42.
Kc4 1/2-1/2

[Event "Late-Titled-Tuesday-Blitz-October-17-2023"]
[Site "Chess.com"]
[Date "2023.10.17"]
[Round "6"]
[White "Chesstrainer1"]
[Black "djano"]
[Result "0-1"]
[WhiteElo "2495"]
[BlackElo "2679"]
[TimeControl "180+1"]
[EndTime "15:04:42 PDT"]
[Termination "djano won on time"]

1. d4 d5 2. c4 e6 3. Nf3 c5 4. cxd5 exd5 5. Nc3 Nc6 6. g3 Nf6 7. Bg2 c4 8. O-O Be7 9. b3 cxb3 10. Qxb3 O-O 11.
Bg5 Na5 12. Qb5 a6 13. Qd3 h6 14. Bxf6 Bxf6 15. Ne5 Be6 16. f4 Nc4 17. f5 Bxe5 18.
fxe6 Qb6 19. exf7+ Kh8 20. e3 Nxe3 21. Rab1 Qxd4 22. Qxd4 Bxd4 23. Rfe1 Nc2+ 24. Kh1 Nxe1 0-1

[Event "Late-Titled-Tuesday-Blitz-October-17-2023"]
[Site "Chess.com"]
[Date "2023.10.17"]
[Round "6"]
[White "vugarrasulov"]
[Black "German_Bazeev"]
[Result "1-0"]
[WhiteElo "2966"]
[BlackElo "2796"]
[TimeControl "180+1"]
[EndTime "15:04:48 PDT"]
[Termination "vugarrasulov won by resignation"]

1. e4 c5 2. Nf3 Nc6 3. Bb5 g6 4. O-O Bg7 5. Re1 Nf6 6. Bxc6 dxc6 7. h3 h6 8. d3 Qc7 9. a4 a5 10. Na3 g5 11. e5 Nd5 12. Nc4 Be6 13. Qe2 Rg8 14. d4 g4 15. hxg4 Bh8 16. g5 hxg5 17.
dxc5 Nf4 18. Bxf4 gxf4 19. Rad1 Kf8 20. Kf1 Qc8 21. Nb6 Bh3 22. Nxc8 Bxg2+ 23. Kg1 Bxf3+ 24. Kh2 Rg2+ 25. Kh3 Bxe2 26. Rd8+ Kg7 27. Kxg2 Bg4 28. Rh1 Rxc8 29. Rhxh8 Rxd8 30. Rxd8 Kg6 31. Rb8 1-0

[Event "Late-Titled-Tuesday-Blitz-October-17-2023"]
[Site "Chess.com"]
[Date "2023.10.17"]
[Round "6"]
[White "topin8"]
[Black "miraitrunks"]
[Result "1-0"]
[WhiteElo "2480"]
[BlackElo "2205"]
[TimeControl "180+1"]
[EndTime "15:04:57 PDT"]
[Termination "topin8 won by resignation"]

1. e4 c5 2. Nf3 Nc6 3. Bb5 g6 4.
O-O Bg7 5. Re1 d6 6. c3 Nf6 7.
d4 cxd4 8. cxd4 Bd7 9. Nc3 O-O 10. h3 a6 11. Bd3 Rc8 12. e5 Ne8 13. Bf4 dxe5 14.
dxe5 Nc7 15. Bg3 Ne6 16. Qe2 Qa5 17. a3 Ncd4 18. Nxd4 Nxd4 19. Qe3 Nb3 20. Rad1 Be6 21. Be4 Rfd8 22. Bxb7 Rb8 23. Bf3 Rdc8 24. Nd5 Kf8 25. Qa7 Bxd5 26. Bxd5 e6 27. Bf3 Qb5 28. Rd7 1-0

[Event "Late-Titled-Tuesday-Blitz-October-17-2023"]
[Site "Chess.com"]
[Date "2023.10.17"]
[Round "6"]
[White "Elsa167"]
[Black "Lennis93"]
[Result "0-1"]
[WhiteElo "2799"]
[BlackElo "2714"]
[TimeControl "180+1"]
[EndTime "15:04:58 PDT"]
[Termination "Lennis93 won by resignation"]

1. d4 Nf6 2. c4 e6 3. Nf3 d5 4. Nc3 c6 5. Bg5 Nbd7 6. cxd5 exd5 7. Qc2 h6 8. Bh4 g5 9. Bg3 Nh5 10. O-O-O Bg7 11. e4 Nxg3 12. hxg3 Nb6 13. Kb1 Be6 14. Bd3 g4 15. Ne5 Qg5 16. exd5 Nxd5 17. Ne4 Qe7 18. Nxc6 Qd7 19. Ne5 Qe7 20. Nc5 O-O 21. Nxe6 Qxe6 22. Bf5 Qa6 23. Bxg4 Nb4 24. Qb3 Bxe5 25. Qxb4 Qg6+ 26. Ka1 Qxg4 27. Qxb7 Bg7 28. Rd3 Rab8 29. Qf3 Qxf3 30. gxf3 Rfd8 31. Kb1 Bxd4 32. Rhd1 Rxb2+ 33.
Kc1 Rc8+ 34. Rc3 Bxc3 0-1

[Event "Late-Titled-Tuesday-Blitz-October-17-2023"]
[Site "Chess.com"]
[Date "2023.10.17"]
[Round "6"]
[White "becemix"]
[Black "Yushko_Olga"]
[Result "0-1"]
[WhiteElo "2449"]
[BlackElo "2179"]
[TimeControl "180+1"]
[EndTime "15:05:00 PDT"]
[Termination "Yushko_Olga won by checkmate"]

1. d4 e6 2. Nc3 f5 3. Nf3 Nf6 4. Bf4 d6 5. e3 Be7 6. Bd3 O-O 7. O-O Nc6 8. e4 Nxe4 9. Re1 Nxc3 10. bxc3 Qe8 11.
Bc4 Qg6 12. Qe2 d5 13. Bb5 Bd7 14. Bxc7 Rac8 15. Bf4 a6 16. Bd3 Na5 17. Ne5 Qe8 18. Nxd7 Qxd7 19. Qxe6+ Qxe6 20. Rxe6 Ba3 21. Rb1 Rxc3 22.
Bd6 Bxd6 23. Rxd6 Nc4 24. Rxb7 Re8 25. Rxd5 Nd2 26. Re5 Rec8 27. Ree7 Rxd3 28. Rxg7+ Kf8 29. Rxh7 Kg8 30. Rbg7+ Kf8 31. Rf7+ Kg8 32. Rfg7+ Kf8 33. h4 Rxc2 34. Rf7+ Kg8 35. Rhg7+ Kh8 36. Rh7+ Kg8 37. Rfg7+ Kf8 38. Rd7 Rc1+ 39. Kh2 Nf1+ 40. Kg1 Ng3+ 41. Kh2 Rh1# 0-1

[Event "Late-Titled-Tuesday-Blitz-October-17-2023"]
[Site "Chess.com"]
[Date "2023.10.17"]
[Round "6"]
[White "sorch29"]
[Black "azikom"]
[Result "0-1"]
[WhiteElo "2391"]
[BlackElo "2604"]
[TimeControl "180+1"]
[EndTime "15:05:03 PDT"]
[Termination "azikom won by resignation"]

1. c4 c6 2. Nf3 d5 3. e3 Nf6 4. Nc3 e6 5. b3 Nbd7 6. Bb2 Bd6 7. Qc2 O-O 8. Be2 Re8 9. d4 a6 10.
O-O b5 11. e4 b4 12. e5 bxc3 13. Bxc3 Be7 14. exf6 Bxf6 15. Bd3 h6 16. Rfe1 a5 17. a4 Ba6 18. Qd2 Bb7 19. h3 c5 20. Ne5 cxd4 21.
Bxd4 dxc4 22. bxc4 Nxe5 23. Bxe5 Bxe5 24. Rxe5 Qf6 25. Rae1 Red8 26. Qe3 Bc6 27. Bf1 Bxa4 28. Ra1 Bc6 29. Raxa5 Rxa5 30. Rxa5 Rd1 31. f3 Qb2 32.
Ra3 Qb1 33. Rd3 Rxf1+ 0-1

[Event "Late-Titled-Tuesday-Blitz-October-17-2023"]
[Site "Chess.com"]
[Date "2023.10.17"]
[Round "6"]
[White "GM_dmitrij"]
[Black "ArtemDyachuk"]
[Result "1-0"]
[WhiteElo "3032"]
[BlackElo "2684"]
[TimeControl "180+1"]
[EndTime "15:05:17 PDT"]
[Termination "GM_dmitrij won by checkmate"]

1. e4 c5 2. Nf3 d6 3. Bb5+ Nd7 4. c4 Nf6 5. Nc3 g6 6. d3 Bg7 7. h3 O-O 8. Be3 Ne8 9. Qd2 Nc7 10. Bh6 Rb8 11.
Bxd7 Bxd7 12. h4 Bg4 13. Nh2 Bd7 14. h5 e5 15. Nf3 Bg4 16. hxg6 fxg6 17. Bxg7 Rf7 18. Bh6 Bxf3 19. gxf3 Ne6 20. Be3 Rxf3 21. O-O-O a6 22. Rh6 b5 23. Rdh1 Rf7 24. Nd5 b4 25.
Qd1 b3 26. a3 Qf8 27. Qg4 Nd4 28. Bxd4 cxd4 29. Rxh7 Rxh7 30. Qxg6+ Qg7 31. Nf6+ Kf8 32. Nxh7+ Kg8 33. Qe6+ Qf7 34. Nf6+ Kg7 35. Rh7+ Kg6 36. Qf5# 1-0

[Event "Late-Titled-Tuesday-Blitz-October-17-2023"]
[Site "Chess.com"]
[Date "2023.10.17"]
[Round "6"]
[White "Alphafischer2019"]
[Black "SEBAZZANO"]
[Result "1-0"]
[WhiteElo "2571"]
[BlackElo "2273"]
[TimeControl "180+1"]
[EndTime "15:05:17 PDT"]
[Termination "Alphafischer2019 won on time"]

1. Nf3 Nf6 2. g3 g6 3. Bg2 Bg7 4. O-O O-O 5. d4 c5 6. d5 d6 7. Nc3 e6 8. e4 exd5 9. exd5 Re8 10. Nd2 Nbd7 11. Nc4 Ne5 12. Nxe5 Rxe5 13. Bf4 Re8 14. Re1 Rxe1+ 15. Qxe1 Bf5 16. Qd2 a6 17. a4 Qb6 18.
Ra2 Re8 19. h3 Ne4 20. Nxe4 Bxe4 21. Qe2 Kf8 22. Bxe4 f5 23. f3 fxe4 24. fxe4 Bxb2 25. c4 Bd4+ 26. Kg2 Be5 27. Bxe5 dxe5 28. Qf3+ Kg8 29.
Rf2 Qd8 30. Qf7+ Kh8 31. Qxb7 Qc8 32. Qxc8 Rxc8 33. Rb2 1-0

[Event "Late-Titled-Tuesday-Blitz-October-17-2023"]
[Site "Chess.com"]
[Date "2023.10.17"]
[Round "6"]
[White "elprimo2012mortis"]
[Black "Zq1"]
[Result "0-1"]
[WhiteElo "2703"]
[BlackElo "2553"]
[TimeControl "180+1"]
[EndTime "15:05:18 PDT"]
[Termination "Zq1 won on time"]

1. e4 c5 2. Nf3 d6 3. d4 cxd4 4.
Nxd4 Nf6 5. Nc3 Nc6 6. Bg5 e6 7. Qd3 Be7 8. f4 O-O 9. O-O-O Nxd4 10. Qxd4 h6 11. Bh4 Qa5 12. e5 dxe5 13. Qxe5 Qxe5 14.
fxe5 Nd5 15. Bxe7 Nxe7 16. g3 Nc6 17. Re1 Rd8 18. Bg2 Bd7 19. Re3 Be8 20. h4 Rac8 21.
g4 Rd4 22. g5 hxg5 23. hxg5 Rg4 24. Reh3 Kf8 25. Bf3 Rxg5 26. Ne4 Rxe5 27. Nd6 Rb8 28. Rd1 Ke7 29. Rh8 Rd8 30. Nxb7 Rxd1+ 31. Bxd1 Nd4 32. c3 Ne2+ 33. Kd2 Ng3 34. Rg8 g5 35. Bc2 Bc6 0-1

[Event "Late-Titled-Tuesday-Blitz-October-17-2023"]
[Site "Chess.com"]
[Date "2023.10.17"]
[Round "6"]
[White "vidavi"]
[Black "GoltsevDmitry2000"]
[Result "0-1"]
[WhiteElo "2398"]
[BlackElo "2649"]
[TimeControl "180+1"]
[EndTime "15:05:20 PDT"]
[Termination "GoltsevDmitry2000 won by resignation"]

1. e4 e6 2. Qe2 d5 3. exd5 Qxd5 4. Nc3 Qd8 5. Nf3 Nc6 6. g3 Nf6 7. Bg2 Bc5 8. O-O O-O 9. d3 e5 10. Bg5 Bg4 11. h3 Nd4 12. Nxd4 Bxe2 13. Ndxe2 h6 14. Bxf6 Qxf6 15. Bxb7 Rab8 16. Bd5 c6 17. Bb3 Qf3 18. Ne4 Bb6 19. Rae1 Kh8 20. Nd2 Qf6 21.
Kg2 Rbd8 22. Nc4 Bc7 23. Nc3 Qe7 24. Ne3 f5 25. Nc4 f4 26. Ne4 f3+ 27. Kh2 Rf5 28. Ne3 Rff8 29. Rg1 Bb6 30. g4 g6 31. Rg3 Rf4 32. Nf1 Rdf8 33. g5 h5 34. Nfd2 Bd4 35.
c3 Bb6 36. a4 a5 37. Nc4 Rxe4 38. Rxe4 Bxf2 39. Nxe5 Bxg3+ 40. Kxg3 Qxg5+ 0-1

[Event "Late-Titled-Tuesday-Blitz-October-17-2023"]
[Site "Chess.com"]
[Date "2023.10.17"]
[Round "6"]
[White "norwaytoadog"]
[Black "imdvb6307"]
[Result "0-1"]
[WhiteElo "2341"]
[BlackElo "2498"]
[TimeControl "180+1"]
[EndTime "15:05:23 PDT"]
[Termination "imdvb6307 won by resignation"]

1. e4 Nc6 2. Nf3 d6 3. Nc3 Bg4 4. h3 Bxf3 5. Qxf3 Nf6 6. Bb5 e5 7. d3 a6 8. Bxc6+ bxc6 9. Bg5 Be7 10. O-O c5 11. Bxf6 Bxf6 12. Nd5 Bg5 13. c3 O-O 14. Qg4 g6 15. f3 c6 16. f4 Bh6 17.
Ne3 Bxf4 18. Rxf4 exf4 19. Qxf4 h5 20. g4 Qh4 21. Kg2 Rae8 22. Rf1 Re6 23. d4 cxd4 24.
cxd4 Qe7 25. gxh5 Rxe4 26. Qh6 Rxe3 27. hxg6 Qe4+ 28. Kh2 Re2+ 0-1

[Event "Late-Titled-Tuesday-Blitz-October-17-2023"]
[Site "Chess.com"]
[Date "2023.10.17"]
[Round "6"]
[White "WPWPWP-2015"]
[Black "kiwibobo"]
[Result "1-0"]
[WhiteElo "2575"]
[BlackElo "2312"]
[TimeControl "180+1"]
[EndTime "15:05:24 PDT"]
[Termination "WPWPWP-2015 won by checkmate"]

1. e4 e5 2. Nf3 Nc6 3. Bb5 a6 4. Ba4 Nf6 5. O-O b5 6. Bb3 Bc5 7. Re1 O-O 8. h3 h6 9. d3 d6 10. Nbd2 Na5 11. Nf1 Nxb3 12. axb3 c6 13. Ng3 Re8 14.
Bd2 Be6 15. b4 Bb6 16. Qc1 Kh7 17. Nh4 Ng4 18. hxg4 Qxh4 19. Be3 Bxe3 20. Qxe3 Qxg4 21. Qb6 h5 22. Re3 g6 23. Rxa6 Rac8 24. Ra7 Qd1+ 25. Kh2 Qxc2 26. Rf3 h4 27. Nf1 Kg7 28. Qb7 Rf8 29. Qe7 Qe2 30. Qxe6 Qxf1 31. Rfxf7+ Kh6 32. Qg4 Rxf7 33. Rxf7 g5 34. Qe6+ Kh5 35. Rh7# 1-0

[Event "Late-Titled-Tuesday-Blitz-October-17-2023"]
[Site "Chess.com"]
[Date "2023.10.17"]
[Round "6"]
[White "Langua_Chess"]
[Black "nicholas_ilic"]
[Result "1-0"]
[WhiteElo "2486"]
[BlackElo "2339"]
[TimeControl "180+1"]
[EndTime "15:05:25 PDT"]
[Termination "Langua_Chess won on time"]

1. e4 c5 2. Nf3 Nc6 3. d4 cxd4 4. Nxd4 g6 5. c4 Bg7 6. Be3 Nf6 7. Nc3 Ng4 8. Qxg4 Nxd4 9. Qd1 e5 10. Bd3 O-O 11. O-O d6 12. Qd2 f5 13. exf5 gxf5 14. Bxd4 exd4 15.
Ne2 f4 16. Be4 Qf6 17. Rad1 Bg4 18. f3 Bf5 19. Qxf4 Bxe4 20. Qxe4 Rae8 21. Qd5+ Kh8 22. Nxd4 Re5 23. Qxb7 Rfe8 24. Nb5 Re2 25. Nxd6 Qg6 26.
f4 Rf8 27. Qd5 Rxb2 28. f5 Qf6 29. c5 Rxa2 30. Qxa2 Qg5 31. Nf7+ Rxf7 32. Qxf7 Qf6 33. Qxf6 Bxf6 34. Rfe1 Kg7 35. c6 Kh6 36. c7 1-0

[Event "Late-Titled-Tuesday-Blitz-October-17-2023"]
[Site "Chess.com"]
[Date "2023.10.17"]
[Round "6"]
[White "Flaccidmoves"]
[Black "drdaro"]
[Result "0-1"]
[WhiteElo "2404"]
[BlackElo "2270"]
[TimeControl "180+1"]
[EndTime "15:05:28 PDT"]
[Termination "drdaro won by resignation"]

1. e4 Nc6 2. Nf3 d6 3. d4 g6 4. Bc4 Bg7 5. h3 a6 6. O-O b5 7.
Bd5 Bb7 8. Re1 Nf6 9. Bb3 O-O 10. c3 e5 11. Bg5 h6 12. Bh4 g5 13. Bg3 Nh5 14. Bh2 Nf4 15. Na3 Bc8 16. Bxf4 gxf4 17.
dxe5 Nxe5 18. Nxe5 Bxe5 19. Qh5 Qg5 20. Qxg5+ hxg5 21. f3 b4 22. Nb1 Be6 23. Re2 a5 24. cxb4 axb4 25. Bxe6 fxe6 26. a4 Ra5 27. Nd2 Bxb2 28. Ra2 Bc3 29. Kf1 Rfa8 30. Nb3 Rxa4 31. Rec2 Rxa2 0-1

[Event "Late-Titled-Tuesday-Blitz-October-17-2023"]
[Site "Chess.com"]
[Date "2023.10.17"]
[Round "6"]
[White "LaPiToB"]
[Black "Elbebiber"]
[Result "1-0"]
[WhiteElo "2307"]
[BlackElo "2137"]
[TimeControl "180+1"]
[EndTime "15:05:29 PDT"]
[Termination "LaPiToB won on time"]

1. c4 c6 2. d4 d5 3. cxd5 cxd5 4.
Nc3 Nf6 5. Bf4 Nc6 6. e3 Bf5 7. Qb3 Na5 8. Qa4+ Bd7 9. Qc2 e6 10. Bd3 Nc6 11. a3 Be7 12. Nf3 Rc8 13. O-O O-O 14. Rac1 Na5 15. Ne5 Nc4 16. Qe2 b5 17.
g4 h6 18. h4 a6 19. g5 hxg5 20. hxg5 Ne4 21. Nxe4 dxe4 22. Bxe4 Bxg5 23. Qh5 Bh6 24. Bxh6 gxh6 25. Qxh6 f5 26. Kh1 1-0

[Event "Late-Titled-Tuesday-Blitz-October-17-2023"]
[Site "Chess.com"]
[Date "2023.10.17"]
[Round "6"]
[White "krzyzan94"]
[Black "HajiyevKanan"]
[Result "1-0"]
[WhiteElo "2775"]
[BlackElo "2539"]
[TimeControl "180+1"]
[EndTime "15:05:30 PDT"]
[Termination "krzyzan94 won on time"]

1. Nf3 c6 2. g3 d5 3. Bg2 Nf6 4. O-O g6 5. c4 Bg7 6. cxd5 cxd5 7. d3 O-O 8. Nc3 Nc6 9. Bg5 h6 10. Bd2 d4 11. Na4 e5 12. Rc1 Qe7 13. a3 e4 14.
dxe4 Nxe4 15. Be1 Re8 16. h3 Bd7 17. Nd2 f5 18. Nxe4 fxe4 19. Nc5 e3 20. f4 Rab8 21. Nxd7 Qxd7 22. Qd3 Kh7 23. g4 Rbc8 24. Bg3 Qd6 25. Kh2 Re7 26. b4 a6 27. Rc5 Rce8 28. Rd5 Qf6 29.
f5 g5 30. Rd6 Ne5 31. Qxd4 Qf8 32. f6 Bxf6 33. Rdxf6 Qg7 34. Bxe5 Rxe5 35. Rf7 1-0

[Event "Late-Titled-Tuesday-Blitz-October-17-2023"]
[Site "Chess.com"]
[Date "2023.10.17"]
[Round "6"]
[White "ozates"]
[Black "sjoerd893"]
[Result "1-0"]
[WhiteElo "2713"]
[BlackElo "2528"]
[TimeControl "180+1"]
[EndTime "15:05:30 PDT"]
[Termination "ozates won on time"]

1. e4 c5 2. Nc3 Nc6 3. g3 g6 4.
Bg2 Bg7 5. d3 e6 6. f4 Nge7 7. Nh3 O-O 8. O-O d5 9. g4 dxe4 10.
Nxe4 b6 11. g5 Bb7 12. Nhf2 Nf5 13. Ng4 Qc7 14. Ngf6+ Kh8 15. Qg4 Qe7 16. Rf3 Ncd4 17. Rh3 h6 18. Bd2 Bxe4 19. dxe4 Bxf6 20. gxf6 Qxf6 21.
exf5 h5 22. Qg5 Qxg5 23. fxg5 Rad8 24. Bc3 exf5 25. Re3 Kg8 26. Bxd4 Rxd4 27. Rae1 Rd2 28. R3e2 Rfd8 29. Kf2 Kg7 30. Rxd2 Rxd2+ 31. Re2 Rd4 32.
c3 Rg4 33. Re7 Rxg5 34. Bd5 Kf6 35. Rxf7+ Ke5 36. Bf3 f4 37. Rxa7 Rf5 38. Rb7 Rf6 39. h4 Rd6 40. Ke2 Kf5 41. Rf7+ Ke5 42. a4 Ke6 43.
Rxf4 Ke5 44. Re4+ Kf5 45. b4 cxb4 46. cxb4 g5 47. hxg5 Kxg5 48. Re5+ Kf4 49. Rxh5 Re6+ 50. Kf2 b5 51. axb5 1-0

[Event "Late-Titled-Tuesday-Blitz-October-17-2023"]
[Site "Chess.com"]
[Date "2023.10.17"]
[Round "6"]
[White "GiorgianBarbosa"]
[Black "jaskol95"]
[Result "0-1"]
[WhiteElo "2375"]
[BlackElo "2578"]
[TimeControl "180+1"]
[EndTime "15:05:30 PDT"]
[Termination "jaskol95 won on time"]

1. d4 d5 2. Nf3 c5 3. e3 Nc6 4. a3 e6 5. Be2 Nf6 6. O-O cxd4 7. exd4 Be7 8. c4 dxc4 9. Bxc4 O-O 10. Nc3 Nd5 11. Bxd5 exd5 12. h3 Bf5 13. Re1 Bf6 14. Ne5 Re8 15. Bf4 Rc8 16. Qd2 Na5 17. Re3 Nb3 18. Qe1 Nxd4 19. g4 Nc2 20. Qd2 Nxe3 21.
Qxe3 d4 22. Qg3 dxc3 23. gxf5 cxb2 24. Rb1 Bxe5 25. Bxe5 Rc1+ 26. Kh2 Rxe5 27. Rxb2 Ree1 0-1